 Dungeon Crawl Stone Soup version 0.16.0-18-g484a79e (webtiles) character file.

712 RobertPalmer the Summoner (level 7, -9/41 HPs)
             Began as an Octopode Summoner on Mar 23, 2015.
             Was an Initiate of Nemelex Xobeh.
             Killed from afar by a twister (13 damage)
             ... with a tornado
             ... summoned by the player character
             ... on level 6 of the Dungeon.
             The game lasted 00:14:01 (6126 turns).

RobertPalmer the Summoner (Octopode Summoner)       Turns: 6126, Time: 00:14:02

Health: -9/41      AC:  1    Str:  7    XL:     7   Next: 68%
Magic:  8/12       EV: 14    Int: 17    God:    Nemelex Xobeh [......]
Gold:   266        SH:  0    Dex: 15    Spells: 3 memorised, 1 level left

rFire  . . .     SeeInvis .     f - +1 dagger
rCold  . . .     Clarity  .     (no shield)
rNeg   . . .     SustAb   .     (helmet restricted)
rPois  .         Gourm    .     (no amulet)
rElec  .         Spirit   .     n - ring of stealth {Stlth+}
rCorr  .         Warding  .     (no ring)
rMut   .         Stasis   .     (no ring)
MR     .....                    (no ring)
Stlth  ++++......               (no ring)
                                (no ring)
                                (no ring)
                                (no ring)

@: flying (expiring), not resistant to hostile enchantments, stealthy
A: almost no armour, amphibious, 8 rings, constrict 8, camouflage 1, gelatinous
body 1
a: Renounce Religion


You were on level 6 of the Dungeon.
You worshipped Nemelex Xobeh.
Nemelex Xobeh was noncommittal.
You were not hungry.

You visited 2 branches of the dungeon, and saw 7 of its levels.

You collected 266 gold pieces.

Inventory:

Hand weapons
 f - a +1 dagger (weapon)
   (You found it on level 1 of the Dungeon)
 w - a +0 hand axe of venom
   (You found it on level 6 of the Dungeon)
 y - the +6 morningstar "Sticam" {crush, +Rage +Fly rC+ Dex-3, unknown}
   (You found it on level 6 of the Dungeon)

   It inflicts extra damage upon your enemies.
   It affects your dexterity (-3).
   It protects you from cold.
   It lets you fly.
   It lets you go berserk.
Missiles
 q - a throwing net {=f, !d}
Jewellery
 m - an uncursed ring of ice {rC+, rF-}
   (You found it on level 3 of the Dungeon)
 n - a ring of stealth (left tentacle) {Stlth+}
   (You found it on level 4 of the Dungeon)
 p - an uncursed ring of ice {rC+, rF-}
   (You found it on level 3 of the Dungeon)
Magical devices
 u - a wand of fire (8)
   (You found it on level 4 of the Dungeon)
Scrolls
 a - a scroll of enchant weapon
 j - a scroll of amnesia
 r - a scroll of fear
 t - a scroll of remove curse {unknown}
Potions
 e - 3 potions of restore abilities
 h - 2 potions of brilliance {unknown}
 i - 2 potions of curing
 k - a potion of ambrosia {unknown}
 l - a potion of mutation {unknown}
 s - a potion of resistance {unknown}
 v - a potion of poison {unknown}
Books
 b - a book of Callings
Miscellaneous
 x - a plain deck of destruction {drawn: 3}
   (Nemelex Xobeh gifted it to you on level 5 of the Dungeon)
Comestibles
 c - 4 bread rations {@e1}
 d - 6 meat rations {@e2}
 g - a beef jerky
 o - a slice of pizza


   Skills:
 - Level 4.6 Dodging
 - Level 2.6 Stealth
 - Level 2.0 Spellcasting
 + Level 8.1 Summonings


You had one spell level left.
You knew the following spells:

 Your Spells              Type           Power        Failure   Level  Hunger
a - Summon Ice Beast      Ice/Summ       ###.....     38%         4    #####..
b - Call Canine Familiar  Summ           ####....     1%          3    ###....
c - Call Imp              Summ           ####....     1%          2    ###....


Dungeon Overview and Level Annotations

Branches:
Dungeon (6/15)             Temple (1/1) D:5

Altars:
Ashenzari
Cheibriados
Elyvilon
Fedhas
Gozag
Kikubaaqudgha
Makhleb
Nemelex Xobeh
Qazlal
Ru
Sif Muna
Trog
Vehumet
Zin
The Shining One

Annotations:
D:6 exclusion: jelly


Innate Abilities, Weirdness & Mutations

You cannot wear most types of armour.
You are amphibious.
You can wear up to eight rings at the same time.
You can use your tentacles to constrict many enemies at once.
Your skin changes colour to match your surroundings (Stealth).
Your rubbery body absorbs attacks (AC +1).


Message History

A phantom comes into view.
You draw a card...
It is Pain.
You have drawn Pain.
Aim: a phantom The phantom is unaffected.
You draw a card...
It is Degeneration.
The phantom is dazed by the mutagenic energy.
Unknown command.
Aim: a phantom (dazed)
The bolt of fire hits the phantom.
Evoking this partially-identified wand wasted a few charges.
Aim: a phantom (lightly damaged, dazed)
The bolt of fire hits the phantom.
Evoking this partially-identified wand wasted a few charges.
The phantom is lost in a daze.
Aim: a phantom (severely damaged, dazed)
The bolt of fire hits the phantom.
You destroy the phantom!
Your Summonings skill increases to level 8!
Evoking this partially-identified wand wasted a few charges.
All of the chunks of flesh in your inventory have rotted away.
Found a stone staircase leading up.
Okay, then.
An iguana comes into view.
A beastly little devil appears in a puff of frigid air.
You now have 10/12 mp.
You now have 7/12 mp.
A kobold comes into view.
Found 10 gold pieces.
Found a stone staircase leading down.
You see here a glowing hand axe.
w - a glowing hand axe You swap places.
The iguana hisses angrily.
You hit the iguana but do no damage. You grab the iguana.
You constrict the iguana. The iguana barely misses you.
You hit the iguana but do no damage. You constrict the iguana.
The iguana bites you!
Your hound bites the iguana but does no damage.
A hound comes into view.
You take 7 damage, and have 34/41 hp.
Unknown command.
You hit the iguana but do no damage.
You constrict the iguana, but do no damage.
The kobold shouts!
Your hound bites the iguana.
The iguana bites you!
Your white imp hits the iguana but does no damage.
You take 14 damage, and have 20/41 hp.
MASSIVE DAMAGE!!
You release your grip on the iguana.
Your hound closely misses the iguana.
Your hound closely misses the iguana.
Your white imp hits the iguana but does no damage.
The iguana bites your white imp.
A beastly little devil appears in a puff of flame.
Your hound bites the iguana.
The iguana bites your white imp.
Your white imp hits the iguana but does no damage.
You now have 7/12 mp.
Your hound bites the iguana but does no damage. x2
The hound bites your hound.
The iguana closely misses your white imp.
Your white imp hits the iguana but does no damage.
Your hound bites the iguana.
The hound closely misses your hound. The iguana bites your white imp!
Your white imp dies!
Your crimson imp blinks!
The kobold hits your hound.
You draw a card...
It is the Storm.
The vortex of raging winds lifts you up.
You fly up into the air.
A tornado forms.
You are engulfed in raging winds.
The hound bites your hound.
Your hound bites the twister.
Your crimson imp blinks!
Unknown command.
Unknown command.
You swap places.
You float gracefully downwards.
Your hound dies!
Your hound's corpse disappears in a puff of smoke!
The iguana dies!
The kobold dies!
The vortex of raging winds lifts you up.
You fly up into the air.
Your air elemental merges itself into the air.
Your air elemental forms itself from the air!
Your air elemental misses the hound.
The hound completely misses your air elemental.
You take 4 damage, and have 16/41 hp.
Unknown command.
Read which item? (? for menu, Esc to quit)
Okay, then.
The hound dies!
* * * LOW HITPOINT WARNING * * *
Your air elemental hits the twister.
Your air elemental hits the twister!
Your air elemental hits the twister.
You take 8 damage, and have 8/41 hp.
Unknown command.
Drink which item? (? for menu, Esc to quit)
You feel better.
You are engulfed in raging winds.
* * * LOW HITPOINT WARNING * * *
Your crimson imp dies!
Your air elemental hits the twister.
You take 4 damage, and have 4/41 hp.
You die...
Your body disappears without a glow.

#### .. #§§#
.$h# ##§@## .
#..# #§§E§#
.#
..#.§##§v§§#
..
##..#.§§§§§§#
.
>....§.§§§§§#
..#
#####.##§§§§#
..# #...§§..#
.## ###.#..##
#.#..#


You could see a friendly air elemental.

Vanquished Creatures
  A phantom (D:6)
  2 hounds (D:5)
  A crimson imp (D:5)
  A jelly (D:5)
  An orc wizard (D:5)
  5 adders
  A giant mite (D:1)
  7 giant geckos
  5 orcs
  5 bats
  4 giant cockroaches
  11 hobgoblins
  2 jackals (D:4)
  8 kobolds
  2 quokkas
  2 ball pythons (D:3)
  2 giant newts
  4 goblins
  11 rats
75 creatures vanquished.

Vanquished Creatures (collateral kills)
  Purgy (D:4)
  An ogre (D:5)
  2 scorpions
  A giant frog zombie (D:5)
  An orc priest (D:4)
  A giant frog skeleton (D:4)
  An iguana (D:5)
  4 orc wizards
  A worker ant (D:4)
  Natasha (twice) (D:3)
  An adder (D:4)
  An adder skeleton (D:4)
  An ooze (D:1)
  An orc (D:5)
  A giant cockroach (D:1)
  5 hobgoblins
  5 kobolds
  A quokka (D:5)
  A ball python (D:3)
  6 bats
  3 giant newts (D:1)
  3 goblins
  3 rats
47 creatures vanquished.

Vanquished Creatures (others)
  A crimson imp (D:6)
  5 hounds
  An iguana (D:6)
  3 white imps
  A quokka (D:1)
  4 bats (D:1)
  A kobold (D:6)
  2 rats (D:1)
18 creatures vanquished.

Grand Total: 140 creatures vanquished

Notes
Turn   | Place    | Note
--------------------------------------------------------------
     0 | D:1      | RobertPalmer, the Octopode Summoner, began the quest for the Orb.
     0 | D:1      | Reached XP level 1. HP: 11/11 MP: 3/3
   328 | D:1      | Reached XP level 2. HP: 6/17 MP: 4/4
   888 | D:1      | HP: 3/17 [giant newt (3)]
  1302 | D:1      | Reached XP level 3. HP: 6/21 MP: 4/6
  1535 | D:1      | Reached skill level 5 in Summonings
  1754 | D:2      | Learned a level 2 spell: Call Imp
  1758 | D:2      | Learned a level 3 spell: Call Canine Familiar
  2057 | D:2      | Reached XP level 4. HP: 27/27 MP: 3/7
  2340 | D:3      | Noticed Natasha
  2348 | D:3      | Killed Natasha
  2784 | D:3      | Noticed Natasha
  2788 | D:3      | Killed Natasha
  2788 | D:3      | Reached skill level 3 in Dodging
  3064 | D:4      | Reached XP level 5. HP: 27/31 MP: 9/9
  3135 | D:4      | Noticed Purgy
  3796 | D:4      | Got a crystal spear
  3856 | D:4      | Reached skill level 4 in Dodging
  4007 | D:4      | Identified the cursed +2 spear "Quuqugg" {pierce, MR+ Str-5 SInv Stlth+} (You found it on level 4 of the Dungeon)
  4133 | D:4      | Reached XP level 6. HP: 27/36 MP: 4/10
  4212 | D:4      | Learned a level 4 spell: Summon Ice Beast
  4537 | D:4      | Found a blossoming altar of Fedhas.
  4864 | D:4      | Killed Purgy
  4864 | D:4      | Reached skill level 6 in Summonings
  5055 | D:5      | Entered Level 5 of the Dungeon
  5388 | D:5      | Found a sacrificial altar of Ru.
  5400 | D:5      | Reached XP level 7. HP: 38/41 MP: 6/12
  5447 | D:5      | Reached skill level 7 in Summonings
  5570 | D:5      | Found a staircase to the Ecumenical Temple.
  5615 | Temple   | Entered the Ecumenical Temple
  5673 | Temple   | Became a worshipper of Nemelex Xobeh the Trickster
  5733 | D:5      | Received a gift from Nemelex Xobeh
  5781 | D:5      | Found a burning altar of Makhleb.
  5800 | D:5      | Found a stormy altar of Qazlal.
  5988 | D:6      | Got a bloodstained morningstar
  6065 | D:6      | Reached skill level 8 in Summonings
  6124 | D:6      | HP: 8/41 [twister/tornado[the player character] (9)]
  6126 | D:6      | Killed from afar by a twister

Action                   |  1- 3 |  4- 6 |  7- 9 || total
-------------------------+-------+-------+-------++-------
Melee: Dagger            |    70 |   142 |    15 ||   227
       Unarmed           |     5 |       |       ||     5
 Cast: Summon Small Mamm |    30 |       |       ||    30
       Call Canine Famil |     3 |    16 |     8 ||    27
       Call Imp          |     1 |    13 |     9 ||    23
Evoke: Wand              |       |       |     3 ||     3
       Deck              |       |       |     3 ||     3
  Use: Scroll            |       |    10 |     4 ||    14
       Potion            |       |       |     1 ||     1
 Stab: Sleeping          |     4 |     7 |     2 ||    13
  Eat: Chunk             |     4 |    12 |       ||    16
       Beef jerky        |       |     1 |       ||     1
       Bread ration      |       |       |     1 ||     1

Vault maps used:
D:1:      saegor_arrival_simple_c
D:2:      nrook_mini_vaults
D:3:      first_bread, uniq_natasha
D:4:      minmay_hedge_maze, fedhas_altar_4, uniq_purgy
D:5:      bloody_makhleb, nicolae_overflow_crystal_walls, lemuel_crystal_altar,
          minmay_temple_entry_statues
D:6:      yredelemnul_forgotten_temple_becter, hangedman_glass_teeth
Temple:   triangle_lava_temple_12

Table legend:
 A = Turns spent in this place as a percentage of turns spent in the entire game.
 B = Non-inter-level travel turns spent in this place as a percentage of non-inter-level travel turns spent in the entire game.
 C = Inter-level travel turns spent in this place as a percentage of turns spent in this place.
 D = Turns resting spent in this place as a percentage of non-inter-level travel turns spent in this place.
 E = Turns spent auto-exploring this place as a percentage of non-inter-level travel turns spent in this place.
 F = Non-inter-level travel turns spent in this place divided by the number of levels of this place that you've seen.
                   A       B       C       D       E      F
               +-------+-------+-------+-------+-------+----------------------
         Total | 100.0 | 100.0 |   0.4 |   2.8 |   4.8 | 313.4
       Dungeon |  97.3 |  97.4 |   0.3 |   2.9 |   5.0 | 356.0
        Temple |   2.7 |   2.6 |   1.7 |   0.0 |   0.0 |  58.0
               +-------+-------+-------+-------+-------+----------------------

Table legend:
 A = Kills in this place as a percentage of kills in entire the game.
 B = Kills by you in this place as a percentage of kills by you in the entire game.
 C = Kills by friends in this place as a percentage of kills by friends in the entire game.
 D = Other kills in this place as a percentage of other kills in the entire game.
 E = Experience gained in this place as a percentage of experience gained in the entire game.
 F = Experience gained in this place divided by the number of levels of this place that you have seen.
                   A       B       C       D       E      F
               +-------+-------+-------+-------+-------+----------------------
         Total | 100.0 | 100.0 | 100.0 | 100.0 | 100.0 | 145.4
       Dungeon | 100.0 | 100.0 | 100.0 | 100.0 | 100.0 | 169.7
               +-------+-------+-------+-------+-------+----------------------
